AoeStats
← emmasancp

Arabian Desert

510456455Analyzed
1v1 RM · 17h ago on Oct 1, 2026· 51m 15s· 2 players
Game mode
Random Map
Map size
Tiny (2 player)
Population
200
Speed
Normal
Resources
Standard
Victory
Conquest
Starting age
Dark Age
Ending age
Imperial Age
RankedLock teamsTeams togetherTeam positionsShared explorationLock speedFull tech treeHidden civsTurbo modeCheats
Victory
Defeat
🇲🇽 Maya · Mexico
782
+15
🇦🇷 Ethiopians · Argentina
753
-15
ricorerolulu
10:04 Feudal Age
10:06 Loom
10:39 Double-Bit Axe
11:48 Horse Collar
13:05 Wheelbarrow
19:45 Castle Age
18:26 Fletching
19:32 Gold Mining
19:54 Stone Mining
20:33 Crossbowman
21:19 Thumb Ring
25:05 Bodkin Arrow
32:57 Ballistics
37:42 Imperial Age
38:52 Bracer
39:44 Murder Holes
46:42 Elite Skirmisher
emmasancp
0:27 Loom
12:32 Feudal Age
14:42 Stone Mining
14:51 Horse Collar
15:03 Gold Mining
16:16 Double-Bit Axe
20:04 Castle Age
22:53 Fletching
23:36 Bodkin Arrow
28:21 Hul'che Javelineers
29:10 Ballistics
29:21 Padded Archer Armor
38:42 Imperial Age
43:24 Chemistry
42:50 Bracer
43:06 Leather Archer Armor
43:30 Elite Plumed Archer
48:03 Ring Archer Armor
Connection lost

Rejoining the realm…

Still unreachable

The connection could not be restored.

Session expired

The server has moved on; the page needs a fresh start.